 Dungeon Crawl Stone Soup version 0.19-a0-1168-g98094fc (webtiles) character file.

193 HaroldButt the Archer (level 5, -12/41 HPs)
             Began as a Centaur Hunter on Aug 15, 2016.
             Mangled by Crazy Yiuf
             ... wielding a +4 quarterstaff of chaos
              (19 damage)
             ... on level 3 of the Dungeon.
             The game lasted 00:11:51 (3671 turns).

HaroldButt the Archer (Centaur Hunter)              Turns: 3671, Time: 00:11:52

Health: -12/41     AC:  6    Str: 15    XL:     5   Next: 43%
Magic:  5/5        EV:  8    Int: 10    God:
Gold:   136        SH:  0    Dex: 10    Spells: 0 memorised, 4 levels left

rFire  . . .     SeeInvis .       - Unarmed
rCold  . . .     Gourm    .     d - +0 ring mail
rNeg   . . .     Faith    .     (no shield)
rPois  +         Spirit   .     (no helmet)
rElec  .         Dismiss  .     (no cloak)
rCorr  .         Reflect  .     (no gloves)
MR     .....     Harm     .     (no barding)
Stlth  ..........               (no amulet)
                                m - ring of poison resistance
                                n - +1 ring of protection

@: very slightly contaminated, hasted, invisible, very quick
A: hooves 3, deformed body, speed 2, tough skin 3
a: no special abilities


You were on level 3 of the Dungeon.
You were hungry.

You visited 1 branch of the dungeon, and saw 3 of its levels.

You collected 136 gold pieces.


Innate Abilities, Weirdness & Mutations

You have hooves in place of feet.
Armour fits poorly on your strangely shaped body.
You cover ground very quickly.
You have extremely tough skin. (AC +3)


   Skills:
 - Level 2.0 Fighting
 - Level 8.0 Bows
 - Level 1.3 Dodging
 - Level 0.5 Stealth
 + Level 2.7 Unarmed Combat


You had 4 spell levels left.
You didn't know any spells.

Inventory:

Hand Weapons
 a - a +1 shortbow
 X - a +0 short sword
Missiles
 c - 28 arrows
Armour
 d - a +0 ring mail (worn)
Jewellery
 m - a ring of poison resistance (right hand)
 n - a +1 ring of protection (left hand)
Scrolls
 g - a scroll of enchant armour {unknown}
 h - 2 scrolls of amnesia {unknown}
 i - a scroll of blinking {unknown}
 l - a scroll of identify {unknown}
 o - a scroll of teleportation {@r4}
 p - 4 scrolls of remove curse
Potions
 e - a potion of magic {unknown}
 k - 2 potions of brilliance {unknown}
 q - a potion of flight {unknown}
Comestibles
 f - 4 bread rations
 j - 2 meat rations

Dungeon Overview and Level Annotations

Branches:
Dungeon (3/15)

Altars:
Ashenzari
Hepliaklqana
Ru
Vehumet
Xom

Annotations:
D:3 Crazy Yiuf

...........▒
▒....▒
▒.▒.▒.▒.▒▒▒▒
▒....▒
...........▒
▒....▒
▒▒▒......▒▒▒
▒▒...▒
▒▒▒......▒ ▒▒.▒▒
▒........▒ ▒▒.▒
▒........▒ ▒.▒▒
▒....▒▒▒▒▒▒▒
▒▒.▒
▒....▒▒....▒
▒c▒▒
▒▒▒..▒▒.▒▒▒▒ ▒g▒
.....▒▒.▒..▒ .(.
▒▒▒.▒▒▒.▒..▒
▒.(.▒ .▒▒.▒
▒.▒..▒ ▒)..▒
.▒▒.▒ ▒.▒..▒
▒▒▒▒▒ .▒▒.▒
▒.▒..▒ ..▒.▒
▒.▒..▒ ▒.▒.▒
▒.▒.▒▒▒▒▒▒▒▒▒▒▒▒


You could see Crazy Yiuf.


Message History

Crazy Yiuf is lightly wounded.
Crazy Yiuf cries, "Prologue sizzlefizz snockshim!"
You are now empty-handed.
You hit Crazy Yiuf but do no damage. You kick Crazy Yiuf, but do no damage.
Crazy Yiuf is lightly wounded.
Crazy Yiuf hits you with a quarterstaff of chaos!
Crazy Yiuf freezes you.
You hit Crazy Yiuf.
Crazy Yiuf is moderately wounded.
Crazy Yiuf hits you with a quarterstaff of chaos.
You feel yourself speed up.
You are very lightly contaminated with residual magic.
You closely miss Crazy Yiuf.
Crazy Yiuf is moderately wounded.
You hit Crazy Yiuf but do no damage.
Crazy Yiuf is moderately wounded.
Crazy Yiuf hits you with a quarterstaff of chaos.
* * * LOW HITPOINT WARNING * * *
You fade into invisibility!
You hit Crazy Yiuf. Your kick misses Crazy Yiuf.
Crazy Yiuf is moderately wounded.
You closely miss Crazy Yiuf. Your kick misses Crazy Yiuf.
Crazy Yiuf is moderately wounded.
Crazy Yiuf hits you with a quarterstaff of chaos!
* * * LOW HITPOINT WARNING * * *
You are electrocuted!
You die...

Action                   |  1- 3 |  4- 6 || total
-------------------------+-------+-------++-------
Melee: Short sword       |    55 |    50 ||   105
       Kick              |    13 |    35 ||    48
       Unarmed           |       |   126 ||   126
       Punch             |       |     1 ||     1
 Fire: Shortbow          |   114 |    20 ||   134
  Use: Scroll            |     3 |       ||     3
       Potion            |       |     2 ||     2
  Eat: Chunk             |       |     6 ||     6
Armor: Leather armour    |    37 |    12 ||    49
       Ring mail         |       |    48 ||    48
       Skin              |       |     5 ||     5
Dodge: Dodged            |    37 |    45 ||    82

Vault maps used:
D:1:      eino_arrival_water_cross, minmay_pentomino_w2
D:2:      minitemple, first_bread, uniq_iyjb
D:3:      regret_index_temple_of_mockery, minmay_misc_feat_pillars,
          uniq_natasha, uniq_crazy_yiuf_cottage

Notes
Turn   | Place    | Note
-------+----------+-------------------------------------------
     0 | D:1      | HaroldButt the Centaur Hunter began the quest for the Orb.
     0 | D:1      | Reached XP level 1. HP: 17/17 MP: 1/1
    26 | D:1      | Reached XP level 2. HP: 19/24 MP: 2/2
    65 | D:1      | Reached skill level 6 in Bows
   483 | D:1      | Reached XP level 3. HP: 28/29 MP: 3/3
   969 | D:2      | Reached skill level 7 in Bows
  1217 | D:2      | Reached XP level 4. HP: 15/36 MP: 4/4
  1493 | D:2      | Noticed Ijyb
  1671 | D:2      | Killed Ijyb
  1997 | D:2      | Reached skill level 8 in Bows
  2223 | D:2      | Found a sacrificial altar of Ru.
  2231 | D:2      | Found a radiant altar of Vehumet.
  2233 | D:2      | Found a shattered altar of Ashenzari.
  2476 | D:3      | Reached skill level 1 in Unarmed Combat
  2476 | D:3      | Reached XP level 5. HP: 21/41 MP: 5/5
  2532 | D:3      | Noticed Natasha
  2544 | D:3      | Killed Natasha
  2544 | D:3      | Reached skill level 2 in Unarmed Combat
  3174 | D:3      | Found a hazy altar of Hepliaklqana.
  3175 | D:3      | Found a shimmering altar of Xom.
  3176 | D:3      | Noticed a spectral ugly thing
  3464 | D:3      | Found a runed door.
  3662 | D:3      | Noticed Crazy Yiuf
  3671 | D:3      | Mangled by Crazy Yiuf

Vanquished Creatures
  An orc wizard (D:3)
  Ijyb (D:2)
  Natasha (D:3)
  2 adders
  5 worms (D:2)
  2 dart slugs
  5 giant geckos
  3 orcs (D:3)
  A ball python (D:3)
  10 bats
  5 giant cockroaches
  8 goblins
  9 hobgoblins
  3 jackals (D:1)
  2 quokkas (D:3)
  3 giant newts
  5 kobolds
  8 rats
74 creatures vanquished.
